 Dungeon Crawl Stone Soup version 0.18-a0-1551-g40744a8 (webtiles) character file.

12896 Lugonue the Protected (level 11, -15/89 HPs)
             Began as a Demonspawn Gladiator on Mar 11, 2016.
             Was the Champion of Cheibriados.
             Killed by Ozocubu's Refrigeration
             ... invoked by Fannar
              (27 damage)
             ... on level 1 of the Lair of Beasts.
             The game lasted 00:47:41 (11330 turns).

Lugonue the Protected (Demonspawn Gladiator)       Turns: 11330, Time: 00:47:42

Health: -15/89     AC: 21    Str: 31    XL:     11   Next: 68%
Magic:  10/11      EV: 16    Int: 27    God:    Cheibriados [******]
Gold:   751        SH:  7    Dex: 29    Spells: 1 memorised, 9 levels left

rFire  + . .     SeeInvis +     a - +6 short sword
rCold  . . .     Gourm    .     t - +3 scale mail "Xujosyfae" {+Blink MR+}
rNeg   . . .     Faith    .     F - +0 buckler
rPois  .         Spirit   .     j - +2 hat
rElec  .         Dismiss  .     (no cloak)
rCorr  .         Reflect  .     m - +0 pair of gloves
SustAt .         Harm     +     (no boots)
MR     +....                    e - amulet of harm
Stlth  +++.......               z - +4 ring of protection
                                I - ring of see invisible

@: about to teleport, very slow, somewhat resistant to hostile enchantments,
fairly stealthy
A: claws 2, thin metallic scales 1, fire resistance 1, nightstalker 1, flame
cloud immunity
a: Bend Time, Temporal Distortion, Slouch, Step From Time, Renounce Religion,
Evoke Blink


You were on level 1 of the Lair of Beasts.
You worshipped Cheibriados.
Cheibriados was exalted by your worship.
You were not hungry.

You visited 2 branches of the dungeon, and saw 12 of its levels.

You collected 751 gold pieces.

Inventory:

Hand Weapons
 a - a +6 short sword (weapon)
 b - a +0 dagger of venom
 k - a +0 long sword
 J - a +0 short sword of draining
Armour
 c - a +0 helmet
 j - a +2 hat (worn)
 m - a +0 pair of gloves (worn)
 t - the +3 scale mail "Xujosyfae" (worn) {+Blink MR+}
   (You found it on level 5 of the Dungeon)

   It affects your resistance to hostile enchantments.
   It lets you blink.
 F - a +0 buckler (worn)
Jewellery
 e - an amulet of harm (around neck)
 z - a +4 ring of protection (right hand)
 E - an uncursed ring of sustain attributes
 I - a ring of see invisible (left hand)
 P - a +2 ring of intelligence
Wands
 q - a wand of lightning (8/15)
 s - a wand of lightning (9/15)
 A - a wand of disintegration (11/24)
 H - a wand of iceblast (9/15)
 K - a wand of iceblast (12/15)
 Q - a wand of digging (17/24)
Scrolls
 g - 5 scrolls of identify
 h - a scroll of amnesia
 l - a scroll of fear
 w - a scroll of blinking
 x - a scroll of holy word {unknown}
 C - 3 scrolls of recharging
 M - a scroll of fog
 O - a scroll of remove curse
Potions
 n - 4 potions of brilliance
 o - a potion of cure mutation
 r - 2 potions of might
 u - a potion of flight
 B - 2 potions of agility
 D - 3 potions of curing
Books
 p - an Akashic Record

   Spells                             Type                      Level
   a - Dispersal                      Translocation                6
   b - Malign Gateway                 Summoning/Translocation      7
   c - Disjunction                    Translocation                8
   d - Controlled Blink               Translocation                8
 y - a book of Spatial Translocations

   Spells                             Type                      Level
   a - Apportation                    Translocation                1
   b - Blink                          Translocation                2
   c - Shroud of Golubria             Charms/Translocation         2
   d - Portal Projectile              Translocation                3
   e - Teleport Other                 Translocation                3
   f - Passage of Golubria            Translocation                4
Comestibles
 f - 9 bread rations
 i - 14 fruits
 G - 3 beef jerkies
 L - 2 meat rations
 N - a slice of pizza


   Skills:
 + Level 9.1 Fighting
 + Level 8.3(8.6) Short Blades
 - Level 3.1(6.1) Long Blades
 - Level 1.7 Throwing
 - Level 11.0 Armour
 - Level 4.8 Dodging
 - Level 2.2 Stealth
 - Level 4.1 Shields


You had 9 spell levels left.
You knew the following spells:

 Your Spells              Type           Power        Failure   Level  Hunger
a - Apportation           Tloc           #.........   21%         1    ##.....


Dungeon Overview and Level Annotations

Branches:
Dungeon (11/15)            Temple (0/1) D:7            Lair (1/8) D:8
    Orc (0/2) D:10

Altars:
Ashenzari
Cheibriados
Dithmenos
Elyvilon
Fedhas
Makhleb
Nemelex Xobeh
Okawaru
Qazlal
Ru
Sif Muna
Xom
Zin
The Shining One

Shops:
D:4 (   D:6 (

Annotations:
Lair:1 Fannar


Innate Abilities, Weirdness & Mutations

You have very sharp fingernails.
You are partially covered in thin metallic scales (AC +2).
Your flesh is heat resistant.
You are slightly more attuned to the shadows.
You are immune to clouds of flame.


Message History

Fannar is lightly wounded.
The ice beast closely misses you.
Read which item? (? for menu, Esc to quit)
As you read the scroll of teleportation, it crumbles to dust.
You feel strangely unstable.
Fannar gestures wildly while chanting.
Fannar drains the heat from the surrounding environment!
You feel very cold.
* * * LOW HITPOINT WARNING * * *
Fannar is frozen.
Fannar resists.
Fannar is lightly wounded.
The ice beast hits you but does no damage.
Drink which item? (? for menu, Esc to quit)
You feel better. You block the ice beast's attack.
You fail to use your ability.
The ice beast hits you but does no damage.
Fannar casts a spell.
Fannar drains the heat from the surrounding environment!
You feel very cold.
You die...

♣♣♣♣♣♣♣♣♣♣♣♣ #.....
♣........... #....#
♣........... #....##
..##'''##.. ##.....# ♣
#⌠...⌠#.. #..(...##♣ ♣.
#.....#.. #...Y...♣ ♣.
#..<..#.. #.e.Y@.♣
♣..#.....#.. ##....Y.#
♣..#######.. #.......#♣
♣........... ##.......♣
♣........... #......#♣
♣♣♣♣♣...♣♣♣♣
##........♣ ♣♣...♣♣
#..##+#####♣♣♣♣.....♣♣♣
#P.#.........#....(....
##...........#[.....#.+


You could see Fannar and 3 ice beasts.

Vanquished Creatures
  Josephine (D:10)
  An unseen horror (D:10)
  A hill giant (D:11)
  Joseph (D:9)
  A spiny frog (Lair:1)
  A tengu conjurer (D:10)
  A two-headed ogre (D:11)
  A troll (D:10)
  5 wraiths (D:10)
  A wyvern (D:10)
  18 yaks
  A hippogriff (Lair:1)
  2 porcupines (Lair:1)
  An ice beast (D:7)
  3 orc warriors
  5 sky beasts
  A swamp drake (D:10)
  A black bear (D:8)
  A necrophage (D:9)
  2 ogres
  A crocodile (D:10)
  4 centaurs
  A big kobold (D:7)
  8 giant frogs
  2 scorpions
  4 wights (D:7)
  16 killer bees
  An electric eel (D:7)
  8 howler monkeys
  3 crimson imps
  3 giant frog zombies
  2 jellies
  A quasit (D:10)
  2 centaur zombies (D:5)
  6 hounds
  4 orc priests
  3 centaur skeletons
  Ijyb (D:2)
  3 giant frog skeletons (D:5)
  4 iguanas
  17 orc wizards
  8 worker ants
  3 killer bee zombies
  4 hound zombies
  A worker ant zombie (D:5)
  17 adders
  2 gnolls (D:6)
  2 howler monkey skeletons
  9 river rats
  4 shadow imps
  4 adder zombies
  4 adder skeletons
  A worm (D:3)
  A dart slug (D:1)
  12 giant geckos
  60 orcs
  3 giant cockroaches
  8 hobgoblins
  15 jackals
  6 quokkas
  2 ball pythons
  A ball python skeleton (D:5)
  5 bats
  A giant cockroach zombie (D:5)
  A giant gecko zombie (D:5)
  7 giant newts
  12 goblins
  A goblin skeleton (D:5)
  A goblin zombie (D:5)
  2 hobgoblin zombies (D:5)
  2 jackal skeletons (D:5)
  A jackal zombie (D:5)
  16 kobolds
  2 kobold skeletons (D:5)
  2 kobold zombies (D:5)
  An orc skeleton (D:5)
  2 quokka skeletons (D:5)
  2 quokka zombies (D:5)
  13 rats
  A butterfly (D:8)
  A fungus (D:8)
383 creatures vanquished.

Vanquished Creatures (others)
  2 fungi (D:8)
2 creatures vanquished.

Grand Total: 385 creatures vanquished

Notes
Turn   | Place    | Note
--------------------------------------------------------------
     0 | D:1      | Lugonue the Demonspawn Gladiator began the quest for the Orb.
     0 | D:1      | Reached XP level 1. HP: 16/16 MP: 1/1
   350 | D:1      | Gained mutation: You are slightly more attuned to the shadows. [demonic ancestry]
   350 | D:1      | Reached XP level 2. HP: 22/22 MP: 2/2
   419 | D:1      | Reached skill level 1 in Armour
   542 | D:2      | Found a stormy altar of Qazlal.
   659 | D:2      | Found a shadowy altar of Dithmenos.
   742 | D:2      | Reached XP level 3. HP: 10/28 MP: 3/3
  1054 | D:2      | Noticed Ijyb
  1090 | D:2      | Killed Ijyb
  1163 | D:2      | Gained mutation: Your flesh is heat resistant. [demonic ancestry]
  1163 | D:2      | Reached XP level 4. HP: 30/34 MP: 4/4
  1722 | D:3      | Reached skill level 2 in Armour
  1751 | D:3      | Gained mutation: You have sharp fingernails. [demonic ancestry]
  1751 | D:3      | Reached XP level 5. HP: 4/40 MP: 5/5
  2125 | D:3      | Reached skill level 1 in Stealth
  2623 | D:3      | Found a shattered altar of Ashenzari.
  2988 | D:4      | Found Hilank's Antique Weapon Boutique.
  3016 | D:4      | Found a snail-covered altar of Cheibriados.
  3135 | D:4      | Gained mutation: You have very sharp fingernails. [demonic ancestry]
  3135 | D:4      | Reached XP level 6. HP: 47/47 MP: 6/6
  3248 | D:4      | Became a worshipper of Cheibriados the Contemplative
  3521 | D:4      | Reached skill level 3 in Armour
  3686 | D:4      | Reached * piety under Cheibriados
  3763 | D:5      | Entered Level 5 of the Dungeon
  3793 | D:5      | Found a glowing silver altar of Zin.
  3826 | D:5      | Reached XP level 7. HP: 51/53 MP: 7/7
  3832 | D:5      | Got a jewelled scale mail
  3844 | D:5      | Identified the +3 scale mail "Xujosyfae" {+Blink MR+} (You found it on level 5 of the Dungeon)
  3945 | D:5      | Reached ** piety under Cheibriados
  4086 | D:5      | Reached skill level 4 in Armour
  4169 | D:5      | Learned a level 1 spell: Apportation
  4197 | D:5      | Found a glowing golden altar of the Shining One.
  4216 | D:5      | Reached *** piety under Cheibriados
  4364 | D:5      | Reached skill level 1 in Shields
  4822 | D:6      | Reached skill level 5 in Armour
  4899 | D:6      | Found a burning altar of Makhleb.
  5117 | D:6      | Found Nirit's Antique Weapon Emporium.
  5291 | D:6      | Gained mutation: You are partially covered in thin metallic scales (AC +2). [demonic ancestry]
  5291 | D:6      | Reached XP level 8. HP: 57/60 MP: 8/8
  5308 | D:6      | Found a blossoming altar of Fedhas.
  5435 | D:6      | Reached **** piety under Cheibriados
  5451 | D:6      | Reached skill level 6 in Armour
  5843 | D:7      | Found an iron altar of Okawaru.
  5915 | D:7      | Got a blackened ring mail
  5939 | D:7      | Identified the +1 ring mail of Pantheism {Str+5} (You found it on level 7 of the Dungeon)
  5946 | D:7      | Found a staircase to the Ecumenical Temple.
  5980 | D:7      | Found a sparkling altar of Nemelex Xobeh.
  6006 | D:7      | Reached skill level 7 in Armour
  6026 | D:7      | Reached ***** piety under Cheibriados
  6136 | D:7      | Gained mutation: You are immune to clouds of flame. [demonic ancestry]
  6136 | D:7      | Reached XP level 9. HP: 65/65 MP: 9/9
  6323 | D:7      | Reached skill level 8 in Armour
  6333 | D:7      | Found a deep blue altar of Sif Muna.
  6596 | D:8      | Found a shimmering altar of Xom.
  6856 | D:8      | Reached skill level 9 in Armour
  6904 | D:8      | Found a staircase to the Lair.
  7254 | D:9      | Reached skill level 10 in Armour
  7332 | D:9      | Reached XP level 10. HP: 40/71 MP: 6/10
  7529 | D:9      | Reached skill level 11 in Armour
  7636 | D:9      | Reached skill level 1 in Short Blades
  7708 | D:9      | Noticed Joseph
  7940 | D:9      | Reached skill level 5 in Fighting
  7945 | D:9      | Reached ****** piety under Cheibriados
  8279 | D:9      | Gained mutation: You are agile. (Dex +2) [potion of mutation]
  8279 | D:9      | Gained mutation: Your spells are a little harder to cast, but a little more powerful. [potion of mutation]
  8279 | D:9      | Gained mutation: You have sharp toenails. [potion of mutation]
  8306 | D:9      | Found a sacrificial altar of Ru.
  8335 | D:9      | Lost mutation: Your spells are a little harder to cast, but a little more powerful. [potion of cure mutation]
  8335 | D:9      | Lost mutation: You have sharp toenails. [potion of cure mutation]
  8335 | D:9      | Lost mutation: You are agile. (Dex +2) [potion of cure mutation]
  9099 | D:9      | Killed Joseph
  9099 | D:9      | Reached skill level 5 in Short Blades
  9137 | D:10     | Entered Level 10 of the Dungeon
  9167 | D:10     | Found a white marble altar of Elyvilon.
  9711 | D:10     | Reached XP level 11. HP: 78/84 MP: 11/11
  9716 | D:10     | Noticed Josephine
  9725 | D:10     | Killed Josephine
  9916 | D:10     | Noticed an unseen horror
  9943 | D:10     | Killed an unseen horror
 10722 | D:10     | Found a staircase to the Orcish Mines.
 10895 | D:11     | Noticed a hill giant
 10896 | D:11     | Killed a hill giant
 11017 | D:10     | Noticed a hill giant
 11063 | Lair:1   | Entered Level 1 of the Lair of Beasts
 11305 | Lair:1   | Noticed Fannar
 11330 | Lair:1   | Killed from afar by Fannar

Vault maps used:
D:1:      minmay_arrival_four_houses
D:2:      nicolae_dithmenos_through_a_glass_darkly, first_bread,
          grunt_qazlal_sundering, uniq_iyjb
D:3:      lemuel_coloured_pillars_altar
D:4:      cheibriados_altar_1, serial_shops, nicolae_shop_statue_plus
D:5:      kennysheep_mini_moat, nicolae_tso_besieged_by_evil, serial_undead,
          serial_undead_e, serial_undead_c, serial_undead_a, serial_undead_a,
          serial_undead_e, serial_undead_b, serial_undead_b, serial_undead_e,
          serial_undead_a, serial_undead_c
D:6:      kennysheep_little_box, old_standard_altar, serial_shops, shop,
          grunt_ministairs_10
D:7:      kennysheep_orc_sif_temple, okawaru_gym_becter, nemelex_deck,
          minmay_temple_entry_junction, fountainhead
D:8:      xom_butterflies, due_lair_maze_entry_diamond
D:9:      nicolae_ru_the_path_less_chosen, uniq_joseph
D:10:     erik_orc_1, grunt_tengu_nest, minmay_door_square, elyvilon_altar_5,
          uniq_josephine
Lair:1:   bh_autumn_forest_stairs, uniq_grum, uniq_fannar

Skill      XL: |  1  2  3  4  5  6  7  8  9 10 11 |
---------------+----------------------------------+-----
Armour         | 1 2 3 5 7 10 11 | 11.0
Dodging        | 3 4 |  4.8
Long Blades    | 3 |  3.1
Fighting       | 3 7 9 |  9.1
Stealth        | 1 2 |  2.2
Shields        | 2 4 |  4.1
Short Blades   | 5 8 |  8.3
Throwing       | |  1.7

Action                   |  1- 3 |  4- 6 |  7- 9 | 10-12 || total
-------------------------+-------+-------+-------+-------++-------
Melee: Long sword        |    15 |       |       |       ||    15
       Short sword       |    86 |   229 |   263 |   231 ||   809
       Unarmed           |       |       |    24 |       ||    24
       Dagger            |       |       |   262 |   505 ||   767
Throw: Throwing net      |     4 |     1 |       |     2 ||     7
 Cast: Apportation       |       |       |     1 |       ||     1
Invok: Slouch            |       |       |     1 |       ||     1
 Abil: Evoke Blink       |       |       |     4 |     3 ||     7
Evoke: Wand              |       |       |       |     2 ||     2
  Use: Scroll            |       |     7 |     9 |     4 ||    20
       Potion            |       |     1 |       |    12 ||    13
 Stab: Distracted        |     1 |       |     1 |       ||     2
       Sleeping          |       |    12 |     6 |     6 ||    24
       Confused          |       |       |       |     1 ||     1
  Eat: Chunk             |     1 |     4 |     1 |     6 ||    12
       Pizza             |       |     2 |       |       ||     2
       Beef jerky        |       |     1 |       |       ||     1
       Fruit             |       |     2 |       |     3 ||     5
       Meat ration       |       |       |     1 |       ||     1
